 Dungeon Crawl Stone Soup version 0.29-a0-1023-g6ae1a4a2c7 (webtiles) character file.

Game seed: 1136730729665442233

2328 nickcage the Slicer (level 9, -3/39 HPs)
             Began as a Spriggan Enchanter on Aug 11, 2022.
             Was an Initiate of Dithmenos.
             Slain by a hornet (9 damage)
             ... while paralysed by a hornet
             ... on level 7 of the Dungeon.
             The game lasted 00:27:40 (9394 turns).

nickcage the Slicer (Spriggan Enchanter)            Turns: 9394, Time: 00:27:40

Health: -3/39      AC:  3    Str:  4    XL:     9   Next: 19%
Magic:  6/14       EV:  4    Int: 21    God:    Dithmenos [......]
Gold:   317        SH:  0    Dex: 15    Spells: 8/13 levels left

rFire   . . .      SeeInvis +   p - +0 rapier (speed)
rCold   . . .      Faith    .   (no shield)
rNeg    . . .      Spirit   .   b - +1 robe
rPois   .          Reflect  .   (helmet restricted)
rElec   .          Harm     .   (no cloak)
rCorr   .          Rampage  .   (gloves unavailable)
Will    +....                   (boots unavailable)
Stlth   +++.......              (no amulet)
HPRegen 0.13/turn               (no ring)
MPRegen 0.14/turn               (no ring)

@: paralysed, very slightly contaminated, very quick
A: very small, no large weapons, unfitting armour, see invisible, speed 3
a: Renounce Religion


You were on level 7 of the Dungeon.
You worshipped Dithmenos.
Dithmenos was noncommittal.
You visited 2 branches of the dungeon, and saw 8 of its levels.
You also visited: Ossuary.

You collected 317 gold pieces.

Inventory:

Hand Weapons
 a - a +1 dagger
 k - a +3 dagger of protection
 p - a +0 rapier of speed (weapon)
Missiles
 h - 9 poisoned darts
Armour
 b - a +1 robe (worn)
 s - the +0 robe "Sorheuj" {Harm +Blink rC+ rCorr}
   (You found it on level 5 of the Dungeon)

   rC:        It protects you from cold.
   +Blink:    It lets you blink.
   rCorr:     It protects you from acid and corrosion.
   Harm:      It increases damage dealt and taken.
 y - +0 fire dragon scales
Jewellery
 z - an amulet of regeneration
Wands
 D - a wand of charming (14)
Scrolls
 g - 8 scrolls of teleportation
 o - a scroll of poison
 q - a scroll of summoning
 r - 3 scrolls of immolation
 u - 8 scrolls of identify
 v - a scroll of vulnerability
 w - a scroll of fog
 A - 2 scrolls of fear {unknown}
 B - a scroll of blinking
Potions
 c - 4 potions of invisibility
 d - a potion of berserk rage
 e - a potion of attraction {unknown}
 f - 4 potions of flight
 i - 2 potions of might {unknown}
 j - a potion of magic {unknown}
 l - a potion of degeneration {unknown}
 m - 2 potions of heal wounds {unknown}
 n - 4 potions of mutation {unknown}
 t - a potion of resistance {unknown}
 x - a potion of brilliance {unknown}
 C - a potion of curing {unknown}


   Skills:
 * Level 12.5 Short Blades
 - Level 1.0 Throwing
 - Level 2.6 Dodging
 - Level 4.4 Stealth
 - Level 2.6 Spellcasting
 - Level 6.0 Hexes
 - Level 0.1 Ice Magic


You had 8 spell levels left.
You knew the following spells:

 Your Spells              Type           Power      Damage    Failure   Level
a - Ensorcelled Hibernat  Hex/Ice        30%        N/A       6%          2
b - Dazzling Flash        Conj/Hex       30%        N/A       12%         3

Your spell library contained the following spells:

 Spells                   Type           Power      Damage    Failure   Level
 Confusing Touch          Hex            28%        N/A       3%          3
 Tukima's Dance           Hex            28%        N/A       3%          3
 Blink                    Tloc           4%         N/A       21%         2
 Gell's Gravitas          Tloc           2%         N/A       38%         3
 Ignite Poison            Fire/Tmut/Pois 2%         N/A       38%         3
 Lesser Beckoning         Tloc           2%         N/A       38%         3
 Mephitic Cloud           Conj/Pois/Air  2%         N/A       38%         3
 Teleport Other           Tloc           2%         N/A       38%         3
 Freezing Cloud           Conj/Ice/Air   1%         6-21      98%         5
 Manifold Assault         Tloc           2%         N/A       98%         5


Dungeon Overview and Level Annotations

Branches:
Dungeon (7/15)             Temple (1/1) D:7         Ossuary (visited)

Altars:
Ashenzari
Cheibriados
Dithmenos
Elyvilon
Fedhas
Gozag
Hepliaklqana
Kikubaaqudgha
Okawaru
Ru
Sif Muna
Uskayaw
Vehumet
Wu Jian
Yredelemnul
Zin
The Shining One

Shops:
D:5 !   D:6 [   D:7 *


Innate Abilities, Weirdness & Mutations

You are very small and have problems with some larger weapons.
You are too small for most types of armour.
You have supernaturally acute eyesight. (SInv)
You cover ground extremely quickly. (Speed+++)


Message History

There is an open door here.
There is a staircase back to the Dungeon here.
You climb upwards.
Welcome back to the Dungeon!
There is a staircase to the Ecumenical Temple here.
A wraith comes into view.
Found a stone staircase leading up.
The helpless wraith fails to defend itself.
You spit the wraith like a pig!!!
You destroy the wraith!
Dithmenos accepts your kill.
You now have 308 gold pieces (gained 5).
Found a sling.
Found a basalt altar of Yredelemnul.
The statue is a mimic!
The statue mimic chortles and vanishes in a puff of smoke!
The lava is a mimic!
The lava mimic chuckles and vanishes!
You now have 311 gold pieces (gained 3).
The lava is a mimic!
The lava mimic snickers and vanishes in a puff of smoke!
You now have 314 gold pieces (gained 3).
You now have 317 gold pieces (gained 3).
A black bear comes into view.
A hornet comes into view.
Found a scroll of identify.
Found a stone staircase leading down.
The black bear growls angrily.
The hornet buzzes angrily.
The black bear misses you. The black bear claws you. x2
The black bear resists with some effort.
The black bear closely misses you. The black bear claws you. x2
You miscast Ensorcelled Hibernation.
You are very lightly contaminated with residual magic.
Nothing appears to happen.
The black bear bites you. The black bear claws you. x2
The black bear looks drowsy...
The helpless black bear fails to defend itself.
You perforate the black bear like a sieve!!!
You kill the black bear!
Dithmenos accepts your kill.
The hornet resists with some effort.
The hornet stings you!
* * * LOW HITPOINT WARNING * * *
You suddenly lose the ability to move!
The hornet stings you!
You die...

### ### #.##############.#
#................###
#######.##############...##
................@.#
#.#..###
#.......#########y#
#......# .##.##### .#
#.#...## .##.# .# #.#§..#
.##.# >. ###§.§# .##.# .#
#§.§# .##.# ?. #§.≈#
.##.#### ## #)..# .......#
#._.#


You could see a hornet.

Vanquished Creatures
  A wraith (D:7)
  2 ice beasts (D:6)
  An ogre (D:5)
  3 black bears
  A phantom (D:5)
  12 scorpions
  A necrophage (D:4)
  A howler monkey (D:5)
  2 jellies (D:6)
  2 centaur zombies (Ossuary)
  2 hounds
  2 human zombies (Ossuary)
  An orc priest (D:5)
  Jessica (D:2)
  4 iguanas
  2 scorpion zombies (Ossuary)
  3 orc wizards
  3 mummies (Ossuary)
  10 adders
  A white imp (D:6)
  An ufetubus (D:4)
  3 worms
  A dart slug (D:3)
  19 orcs
  7 ball pythons
  2 bats
  6 endoplasms
  4 gnoll zombies (Ossuary)
  5 goblins
  8 hobgoblins
  8 jackals
  2 quokkas
  A frilled lizard (D:1)
  A goblin zombie (Ossuary)
  3 hobgoblin zombies (Ossuary)
  6 kobolds
  2 kobold zombies (Ossuary)
  An orc zombie (Ossuary)
  2 rats
137 creatures vanquished.

Vanquished Creatures (others)
  A butterfly (D:4)
1 creature vanquished.

Grand Total: 138 creatures vanquished

Notes
Turn   | Place    | Note
-------+----------+-------------------------------------------
     0 | D:1      | nickcage the Spriggan Enchanter began the quest for the
                  | Orb.
     0 | D:1      | Reached XP level 1. HP: 9/9 MP: 5/5
   215 | D:1      | Found a faded altar of an unknown god.
   443 | D:1      | Reached XP level 2. HP: 13/13 MP: 6/6
   446 | D:1      | Learned a level 2 spell: Ensorcelled Hibernation
  1440 | D:2      | Reached skill level 5 in Hexes
  1440 | D:2      | Reached XP level 3. HP: 16/16 MP: 5/8
  2108 | D:2      | Noticed Jessica
  2138 | D:2      | Killed Jessica
  2139 | D:2      | Reached XP level 4. HP: 21/21 MP: 1/9
  2755 | D:3      | Reached skill level 2 in Short Blades
  2846 | D:3      | Found an ancient bone altar of Kikubaaqudgha.
  2985 | D:3      | Found an iron altar of Okawaru.
  3787 | D:4      | Reached skill level 3 in Short Blades
  3921 | D:4      | Noticed a black bear
  3961 | D:4      | Killed a black bear
  3962 | D:4      | Reached skill level 4 in Short Blades
  3962 | D:4      | Reached XP level 5. HP: 19/24 MP: 10/10
  4327 | D:4      | Found a white marble altar of Elyvilon.
  4363 | D:4      | Reached skill level 5 in Short Blades
  4363 | D:4      | Reached XP level 6. HP: 28/28 MP: 6/11
  4869 | D:5      | Entered Level 5 of the Dungeon
  4873 | D:5      | Found a sand-covered staircase.
  4873 | D:5      | Identified the +0 robe "Sorheuj" {Harm +Blink rC+ rCorr}
  4881 | Ossuary  | Entered an ossuary
  4902 | Ossuary  | Reached skill level 6 in Short Blades
  5143 | Ossuary  | Reached XP level 7. HP: 23/32 MP: 12/12
  5145 | Ossuary  | Reached skill level 7 in Short Blades
  5145 | Ossuary  | Reached skill level 1 in Throwing
  5367 | Ossuary  | Reached skill level 8 in Short Blades
  5933 | Ossuary  | Learned a level 3 spell: Dazzling Flash
  5963 | Ossuary  | Reached skill level 9 in Short Blades
  5963 | Ossuary  | Reached XP level 8. HP: 29/36 MP: 6/13
  6342 | D:5      | Found Wybac's Distillery.
  6495 | D:5      | Reached skill level 10 in Short Blades
  6886 | D:5      | Reached skill level 11 in Short Blades
  7584 | D:6      | Found Qischedan's Antique Armour Shop.
  8386 | D:6      | Reached XP level 9. HP: 39/39 MP: 14/14
  8421 | D:6      | Reached skill level 12 in Short Blades
  8967 | D:7      | Found Zuekhauf's Assorted Antiques.
  8999 | D:7      | Found a staircase to the Ecumenical Temple.
  9074 | Temple   | Entered the Ecumenical Temple
  9166 | Temple   | Became a worshipper of Dithmenos the Shadowed
  9347 | D:7      | Found a basalt altar of Yredelemnul.
  9393 | D:7      | Paralysed by a hornet for 3 turns
  9394 | D:7      | Slain by a hornet

Illustrated notes

Levels and vault maps discovered:
D:1:      nzn_arrival_crosshair, layout_loops_ring,
          chequers_ecumenical_altar_lobes, wander_ebering_terrifying_dragon_lair
D:2:      layout_loops_cross, minmay_misc_feat_rows, uniq_jessica
D:3:      layout_loops_ring, kennysheep_okawaru_gauntlet,
          kiku_gazebo_garden_becter
D:4:      layout_loops_ring, nicolae_elyvilon_peaceful_grove
D:5:      layout_rooms, lightli_ossuary_entry_decrepit_ruins, serial_shops, shop
D:6:      layout_loops_corners, nicolae_inconvenience_store,
          columned_hall_lemuel
D:7:      minmay_skewed_foursquare, layout_basic, pf_just_have_faith,
          minmay_temple_entry_mini_moons, serial_shops, shop, feat_on_display
Temple:   nicolae_temple_figure_eight

Skill      XL: |  1  2  3  4  5  6  7  8  9 |
---------------+----------------------------+-----
Hexes          | 4 5 6 |  6.0
Short Blades   | 4 5 6 9 11 12 | 12.5
Throwing       | 1 |  1.0
Dodging        | |  2.6
Stealth        | |  4.4
Spellcasting   | |  2.6
Ice Magic      | |  0.1

Action                   |  1- 3 |  4- 6 |  7- 9 || total
-------------------------+-------+-------+-------++-------
Melee: Dagger            |    83 |    32 |       ||   115
       Punch             |     1 |     1 |     5 ||     7
       Rapier            |       |   112 |   318 ||   430
Throw: Dart              |       |     4 |     7 ||    11
 Cast: Ensorcelled Hiber |    25 |    31 |    45 ||   101
  Use: Scroll            |     4 |     8 |     4 ||    16
 Stab: Sleeping          |    22 |    22 |    34 ||    78
       Distracted        |       |     1 |       ||     1
Armor: Robe              |     5 |    20 |    17 ||    42
       Fire dragon scale |       |       |     2 ||     2
Dodge: Dodged            |    60 |    89 |   123 ||   272

Table legend: (Time is in decaauts)
 A = Elapsed time spent in this place.
 B = Non-inter-level travel time spent in this place.
 C = Inter-level travel time spent in this place.
 D = Time resting spent in this place.
 E = Time spent auto-exploring this place.
 F = Levels seen in this place.
 G = Mean time per level.
                   A        B        C        D        E       F      G
               +--------+--------+--------+--------+--------+-----+--------+
         Total |   7239 |   7100 |    139 |   1753 |   4101 |   9 |  804.3 |
       Dungeon |   6019 |   5887 |    132 |   1195 |   3733 |   7 |  859.9 |
        Temple |    134 |    127 |      7 |      0 |    123 |   1 |  134.0 |
       Ossuary |   1085 |   1085 |      0 |    558 |    245 |   1 | 1085.0 |
               +--------+--------+--------+--------+--------+-----+--------+

Top non-repeatable levels by time:
     D:6: 1354 daAuts
     D:1: 1155 daAuts
 Ossuary: 1085 daAuts
     D:4: 1011 daAuts
     D:3: 936 daAuts
     D:2: 729 daAuts
     D:5: 695 daAuts
     D:7: 135 daAuts
  Temple: 134 daAuts
